Cogmind - Beta 15 @@@ ROGUE MODE // 2025.06.02 @ 19:37:08 Player: jumpy Result: Destroyed by H-55 Commando with Gauss Rifle Performance ------------- Evolutions (3) 1500 Regions Visited (5) 1000 Robots Destroyed (42) 210 Value Destroyed (1198) 1198 Prototype IDs (3) 60 Alien Tech Used (0) 0 Bonus (0) 0 TOTAL SCORE: 3968 Bonus ------- None Cogmind --------- Core Integrity 0/700 Matter 55/300 Energy 99/100 System Corruption 12% Temperature Cool (0) Movement Core (50) Location -7/Lower Caves Parts ------- > --- POWER (1) -------- (None) > --- PROPULSION (4) --- (None) > --- UTILITY (5) ------ (None) > --- WEAPON (3) ------- (None) > --- INVENTORY (5) ---- Huge Storage Unit Improved Sensor Array Gauss Rifle Grenade Launcher Plasma Cutter Peak State ------------ > --- POWER ------------ Enhanced Nuclear Core > --- PROPULSION ------- Light Treads Light Treads Light Treads Light Treads > --- UTILITY ---------- Large Storage Unit Improved Sensor Array Improved Signal Interpreter Improved Terrain Scanner Terrain Scan Processor > --- WEAPON ----------- Advanced Beam Cannon Flak Cannon Scythe > --- INVENTORY -------- Light Nuclear Core Light Nuclear Core Light Nuclear Core Light Treads Medium Treads Wheel Improved Sensor Array Improved Signal Interpreter Advanced Beam Cannon Gauss Rifle Flak Cannon Flak Cannon Flak Cannon Grenade Launcher Plasma Cutter [Rating: 34] Favorites ----------- Power Ion Engine Engine Ion Engine Power Core Enhanced Nuclear Core Propulsion Light Treads Treads Light Treads Wheel Wheel Utility Terrain Scan Processor Device Improved Terrain Scanner Storage Large Storage Unit Processor Terrain Scan Processor Weapon Flak Cannon Energy Gun Medium Laser Energy Cannon Advanced Beam Cannon Ballistic Gun Assault Rifle Ballistic Cannon Flak Cannon Special Weapon Plasma Cutter Slashing Weapon Scythe Build | -11 -10 -9 -8 -7 -7 ------- Run | Yrd Mat Mat Mat Fac Low Slots Evolved 6 | . . 2 2 2 . Power . | . . . . . . Propulsion 2 | . . . 2 . . Utility 3 | . . 2 . 1 . Weapon 1 | . . . . 1 . Parts Attached 40 | 7 4 4 11 14 . Power 4 | 1 . . 2 1 . Engine 2 | 1 . . 1 . . Core 2 | . . . 1 1 . Reactor . | . . . . . . Propulsion 10 | 2 . . 4 4 . Treads 7 | 2 . . 3 2 . Leg . | . . . . . . Wheel 3 | . . . 1 2 . Hover . | . . . . . . Flight . | . . . . . . Utility 12 | 2 3 2 1 4 . Device 6 | 1 2 1 1 1 . Storage 3 | 1 1 . . 1 . Processor 3 | . . 1 . 2 . Hackware . | . . . . . . Protection . | . . . . . . Artifact . | . . . . . . Weapon 14 | 2 1 2 4 5 . Energy Gun 3 | 2 . 1 . . . Energy Cannon 1 | . . . 1 . . Ballistic Gun 3 | . 1 1 1 . . Ballistic Cannon 5 | . . . 1 4 . Launcher . | . . . . . . Special Weapon 1 | . . . 1 . . Impact Weapon . | . . . . . . Slashing Weapon 1 | . . . . 1 . Piercing Weapon . | . . . . . . Special Melee Weapon . | . . . . . . Unidentified Prototypes 3 | . . 1 1 1 . Parts Lost 15 | . 2 . 2 11 . Power . | . . . . . . Propulsion 7 | . . . 1 6 . Utility 5 | . 2 . 1 2 . Weapon 3 | . . . . 3 . Highest Loss Streak 7 | . 1 . 1 7 . To Critical Strikes . | . . . . . . Average Backups 9 | 3 7 8 11 11 6 Power 1 | . 1 1 1 2 1 Propulsion 1 | 1 2 2 2 1 . Utility 1 | . 1 1 . 1 2 Weapon 4 | . 2 3 5 5 2 Tool/Special . | . . . . . . Unused Backups 14 | 1 . . 1 6 6 Power 4 | . . . . 2 2 Propulsion 1 | . . . . 1 . Utility 3 | 1 . . . . 2 Weapon 6 | . . . 1 3 2 Tool/Special . | . . . . . . Average Slot Usage (%) 86 | . 99 99 96 84 41 Engine 4 | . 14 11 8 . . Core 3 | . . . . 7 4 Treads 20 | . 28 22 32 17 . Wheel 1 | . . . . 2 10 Device 13 | . 13 22 17 11 4 Storage 8 | . 14 11 9 7 4 Processor 10 | . . 10 9 14 10 Energy Gun 3 | . 15 11 2 . . Energy Cannon 2 | . . . 2 3 . Ballistic Gun 4 | . 12 11 9 . . Ballistic Cannon 6 | . . . 2 12 4 Special Weapon 1 | . . . . 2 . Peak Build Rating 34 | 7 8 14 23 34 21 Average Rating 18 | 5 7 12 19 28 14 On Entrance 12 | . 7 8 14 22 21 Naked Turns 89 | . . . . . 89 Heaviest Build 107 | 14 30 32 41 107 96 Greatest Support 80 | 40 40 40 80 80 20 Greatest Overweight (x) 15 | . . . . 15 4 Average Overweight (x) . | . . . . 2 1 Largest Inventory Capacity 25 | 8 15 15 15 25 25 Average Capacity 14 | 7 11 15 15 16 18 Most Carried 15 | 6 8 10 15 15 7 Average Carried 9 | 3 7 8 11 11 6 Final Capacity 25 | 8 15 15 15 25 5 Final Carried 14 | 6 8 10 14 7 5 Class Distribution -------------------- 55% | Mutant 30% | Skirmisher 7% | Assassin 6% | Scavenger-Mutant Dominant Class ---------------- Mutant | -10/Materials Mutant | -9/Materials Mutant | -8/Materials Skirmisher | -7/Factory Mutant | -7/Lower Caves Resources | -11 -10 -9 -8 -7 -7 ----------- Run | Yrd Mat Mat Mat Fac Low Matter Collected 1001 | 270 69 . 382 225 55 Remotely . | . . . . . . Salvage Created 1362 | 226 280 55 452 349 . Parts 103 | 23 21 4 40 15 . Haulers Intercepted 1 | . . . 1 . . Recyclers Shooed 2 | . 1 . 1 . . Parts Field Recycled . | . . . . . . Retrieved Matter . | . . . . . . Parts Self-Destructed 7 | . . . . . 7 Prevented 1 | . . . . . 1 Kills | -11 -10 -9 -8 -7 -7 ------- Run | Yrd Mat Mat Mat Fac Low Combat Hostiles Destroyed 27 | . 8 1 10 8 . Melee 2 | . . . . 2 . Guns 14 | . 8 1 5 . . Cannons 11 | . . . 5 6 . Classes Destroyed 12 | 2 2 1 3 4 . Worker 1 | . . . . 1 . Builder 1 | . . . 1 . . Tunneler 8 | 7 . . 1 . . Hauler 1 | . . . 1 . . Recycler 3 | 1 1 . . 1 . Operator 1 | . . . 1 . . Swarmer 6 | . 3 . 3 . . Grunt 12 | . 5 . 5 2 . Brawler 1 | . . . . 1 . Sentry 3 | . . 1 2 . . Hunter 1 | . . . . 1 . Programmer 4 | . . . . 4 . Best Kill Streak 8 | 3 8 1 5 4 . Combat Bots Only 7 | . 7 1 3 4 . Max Kills in Single Turn 1 | 1 1 1 1 1 . Gunslinging . | . . . . . . Exploded . | . . . . . . Melee 1 | . . . . 1 . Uniques/NPCs Destroyed . | . . . . . . Combat | -11 -10 -9 -8 -7 -7 -------- Run | Yrd Mat Mat Mat Fac Low Hostile Shots Fired 273 | . 50 4 47 126 46 Missed 69 | . 10 2 10 25 22 Hits 204 | . 40 2 37 101 24 Melee 2 | . . . . 2 . Projectile 202 | . 40 2 37 99 24 Critical Strikes 6 | . . . . 6 . Damage Taken 2981 | . 384 26 545 1630 396 Core 825 | . 88 . 33 340 364 Absorbed by Shields . | . . . . . . Core Remaining (%) 89 | 100 64 100 94 . . Volleys Fired 109 | 15 29 2 41 22 . Largest 3 | 2 2 2 2 3 . Hottest 125 | 90 70 70 105 125 . Shots Fired 228 | 29 58 4 79 58 . Gun 131 | 29 58 4 40 . . Cannon 93 | . . . 36 57 . Launcher . | . . . . . . Special 4 | . . . 3 1 . Kinetic 135 | . 29 2 48 56 . Thermal 93 | 29 29 2 31 2 . Explosive . | . . . . . . Electromagnetic . | . . . . . . Robot Hit Streak 12 | 5 7 7 12 7 . Robot Miss Streak 7 | 4 4 . 5 7 . Penetration Max . | . . . . . . Secondary Targets 2 | . 2 . . . . Max Gunslinging Chain 1 | . 1 . . . . Shots Hit Robots 171 | 15 37 4 56 59 . Core Hits 95 | 9 15 2 38 31 . Critical Kills . | . . . . . . Critical Parts Destroyed . | . . . . . . Critical Strikes 7 | 1 1 . 2 3 . Burn 4 | 1 1 . 2 . . Sever 3 | . . . . 3 . Melee Attacks 13 | . . . . 13 . Impact . | . . . . . . Slashing 13 | . . . . 13 . Piercing . | . . . . . . Sneak Attacks 3 | . . . . 3 . Combat Hostiles 1 | . . . . 1 . Follow-up Attacks . | . . . . . . Damage Inflicted 2776 | 180 453 50 1068 1025 . Guns 1120 | 180 449 50 441 . . Cannons 1171 | . . . 572 599 . Explosions . | . . . . . . Melee 404 | . . . . 404 . Ramming 81 | . 4 . 55 22 . Kinetic 1482 | . 245 25 633 579 . Thermal 809 | 180 204 25 380 20 . Explosive . | . . . . . . Electromagnetic . | . . . . . . Impact . | . . . . . . Slashing 404 | . . . . 404 . Piercing . | . . . . . . Highest Corruption 12 | . . . . 12 12 Average Corruption 11 | . . . . 10 12 Corruption Purged . | . . . . . . Corruption Blocked . | . . . . . . Effects 38 | . . . . 29 9 Message Errors 11 | . . . . 9 2 Matter Fused 6 | . . . . 5 1 Heat Flow Errors 5 | . . . . 3 2 Energy Discharges 2 | . . . . 2 . Parts Rejected 1 | . . . . 1 . Data Loss (minor) 6 | . . . . 3 3 Data Loss (major) 2 | . . . . 2 . Misfires 2 | . . . . 2 . Misdirections 1 | . . . . . 1 Weapon Failures 2 | . . . . 2 . Overload Shots . | . . . . . . Overflow Damage 45 | . . . . 45 . Projectiles . | . . . . . . Explosions . | . . . . . . Melee 45 | . . . . 45 . Knockbacks 22 | . . . 3 19 . Impact . | . . . . . . Kinetic 18 | . . . 3 15 . Secondary 4 | . . . . 4 . Self-Inflicted Damage . | . . . . . . Shots . | . . . . . . Rammed 11 | . 1 . 6 4 . Targets Rammed 11 | . 1 . 6 4 . Kicked . | . . . . . . Crushed . | . . . . . . Highest Temperature 407 | 90 219 9 312 407 210 Average Temperature 108 | 29 105 9 112 164 86 Received Heat Transfer 858 | . 102 9 234 351 162 Effects 9 | . . . 4 5 . Shutdowns 2 | . . . . 2 . Energy Bleed 2 | . . . 1 1 . Interference 2 | . . . 2 . . Matter Decay 1 | . . . . 1 . Short Circuit 1 | . . . . 1 . Damage (minor) 1 | . . . 1 . . Siege Activations . | . . . . . . Martial Activations . | . . . . . . Shielding Activations . | . . . . . . Robots Disrupted . | . . . . . . Combat Hostiles . | . . . . . . Robots Corrupted . | . . . . . . Combat Hostiles . | . . . . . . Parts Fried . | . . . . . . Impact Corruptions . | . . . . . . Robots Melted . | . . . . . . Combat Hostiles . | . . . . . . Parts Melted 6 | 1 2 . 2 1 . Heat Transferred 2296 | 557 666 74 962 37 . Parts Sabotaged . | . . . . . . Parts Stolen . | . . . . . . Parts Stripped . | . . . . . . Power Chain Reactions . | . . . . . . Alert | -11 -10 -9 -8 -7 -7 ------- Run | Yrd Mat Mat Mat Fac Low Maximum Alert Level . | . . . . . . Low Security (%) 100 | 100 100 100 100 100 . Level 1 . | . . . . . . Level 2 . | . . . . . . Level 3 . | . . . . . . Level 4 . | . . . . . . Level 5 . | . . . . . . High Security . | . . . . . . Max Security . | . . . . . . Peak Influence 126 | 10 126 75 102 82 . Initial 31 | . . 31 18 30 . Average 20 | . 38 14 45 14 . Influence Increases 977 | 40 195 79 310 308 45 Destroy 0b10 Robot/C 540 | . 160 20 200 160 . Destroy 0b10 Robot/NC 75 | 40 5 . 20 10 . Destroy Leader 142 | . 20 10 52 60 . Allied During Kill 2 | . . . . 2 . Successful Hack 19 | . 9 4 6 . . Disable Machine 90 | . . . 15 75 . Destroy Structure 4 | . 1 . 2 1 . Lose Combat Pursuer 105 | . . 45 15 . 45 Influence Decreases 962 | 40 119 110 286 377 30 Entered New Map 111 | . . 45 27 39 . Time Decay 747 | 40 109 65 239 264 30 Lost Part 84 | . 10 . 20 54 . Lost Ally 20 | . . . . 20 . Squads Dispatched 6 | . 1 . 1 4 . Investigation 1 | . 1 . . . . Extermination 3 | . . . . 3 . Reinforcement 2 | . . . 1 1 . Assault . | . . . . . . Garrison . | . . . . . . Intercept . | . . . . . . Searches Triggered . | . . . . . . Construction Impeded . | . . . . . . Haulers Reinforced . | . . . . . . Active Scanning Responses . | . . . . . . Cargo Convoy Interrupts . | . . . . . . Stealth | -11 -10 -9 -8 -7 -7 --------- Run | Yrd Mat Mat Mat Fac Low Distress Signals 2 | . 1 . 1 . . Communications Jammed . | . . . . . . Distress Signals . | . . . . . . Times Spotted 51 | . 11 1 16 13 10 Peak Tracking Total 7 | . 4 4 6 5 7 Tactical Retreats 3 | . . 1 1 . 1 Traps | -11 -10 -9 -8 -7 -7 ------- Run | Yrd Mat Mat Mat Fac Low Traps Triggered 1 | . 1 . . . . Indirectly . | . . . . . . Trap Hack Attempts . | . . . . . . Triggered . | . . . . . . Disarmed . | . . . . . . Reprogrammed . | . . . . . . Reused . | . . . . . . Traps Extracted . | . . . . . . Installed . | . . . . . . Triggered . | . . . . . . Machines | -11 -10 -9 -8 -7 -7 ---------- Run | Yrd Mat Mat Mat Fac Low Machines Disabled 6 | . . . 1 5 . Max in Single Turn 1 | . . . 1 1 . Machines Repaired . | . . . . . . Machines Dismantled 5 | . . . . 5 . Machines Sabotaged . | . . . . . . Overloaded Fab Kills . | . . . . . . Hacking | -11 -10 -9 -8 -7 -7 --------- Run | Yrd Mat Mat Mat Fac Low Machines Accessed 7 | . 1 3 3 . . Terminals 7 | . 1 3 3 . . Fabricators . | . . . . . . Repair Stations . | . . . . . . Recycling Units . | . . . . . . Scanalyzers . | . . . . . . Garrison Access . | . . . . . . Total Hacks 13 | . 3 5 5 . . Successful 10 | . 2 4 4 . . Failed 3 | . 1 1 1 . . Catastrophic . | . . . . . . Database Lockouts . | . . . . . . Manual 14 | . 4 5 5 . . Terminals 13 | . 3 5 5 . . Fabricators . | . . . . . . Repair Stations . | . . . . . . Recycling Units . | . . . . . . Scanalyzers . | . . . . . . Garrison Access . | . . . . . . Terminal Hacks . | . . . . . . Fabricator Hacks . | . . . . . . Repair Station Hacks . | . . . . . . Recycling Unit Hacks . | . . . . . . Scanalyzer . | . . . . . . Garrison Access Hacks . | . . . . . . Unauthorized Hacks 10 | . 2 4 4 . . Terminals 10 | . 2 4 4 . . Botnet 3 | . 1 1 1 . . Skim 7 | . 1 3 3 . . Fabricators . | . . . . . . Repair Stations . | . . . . . . Recycling Units . | . . . . . . Scanalyzers . | . . . . . . Garrison Access . | . . . . . . Data Cores Recovered 1 | . . . 1 . . Used . | . . . . . . Hacking Detections 1 | . . 1 . . . Full Trace Events . | . . . . . . Feedback Events . | . . . . . . Feedback Blocked . | . . . . . . Robot Schematics Acquired . | . . . . . . Robots Built . | . . . . . . Authchips . | . . . . . . Time . | . . . . . . Total Robot Build Rating . | . . . . . . Part Schematics Acquired . | . . . . . . Parts Built . | . . . . . . Authchips . | . . . . . . Time . | . . . . . . Total Part Build Rating . | . . . . . . Parts Repaired . | . . . . . . Time . | . . . . . . Parts Recycled . | . . . . . . Recycled Matter . | . . . . . . Retrieved Matter . | . . . . . . Retrieved Components . | . . . . . . Parts Scanalyzed . | . . . . . . Part Schematics Acquired . | . . . . . . Parts Damaged . | . . . . . . Bothacking | -11 -10 -9 -8 -7 -7 ------------ Run | Yrd Mat Mat Mat Fac Low Used RIF Installer . | . . . . . . Robots Hacked . | . . . . . . Non-combat . | . . . . . . Combat . | . . . . . . Robot Hacks Applied . | . . . . . . Relay Couplers Released . | . . . . . . Fabnet Peak Effective % . | . . . . . . Robots Rewired 1 | . . . . 1 . Allies Hacked . | . . . . . . Hacks Repelled . | . . . . . . Allies | -11 -10 -9 -8 -7 -7 -------- Run | Yrd Mat Mat Mat Fac Low Total Allies 1 | . . . . 1 . Largest Group 1 | . . . . 1 . Highest-Rated Group 16 | . . . . 16 . Highest-Rated Ally 16 | . . . . 16 . Total Orders . | . . . . . . Ally Attacks 6 | . . . . 6 . Total Damage 65 | . . . . 65 . Kills . | . . . . . . Allies Corrupted . | . . . . . . Allies Melted . | . . . . . . Intel | -11 -10 -9 -8 -7 -7 ------- Run | Yrd Mat Mat Mat Fac Low Active Infowar (turns) 3074 | 88 371 397 568 1472 178 Sensors 1650 | . . . . 1472 178 Terrain 1826 | . . 397 554 875 . Seismic 1418 | 88 371 397 561 1 . Robot Analysis Total . | . . . . . . Derelict Logs Recovered 2 | . . . . . 2 Drone Launches . | . . . . . . Drone Recoveries . | . . . . . . Exploration | -11 -10 -9 -8 -7 -7 ------------- Run | Yrd Mat Mat Mat Fac Low Turns Passed 3572 | 477 391 397 568 1472 267 Spaces Moved 1778 | 262 184 237 241 549 305 Core 224 | 3 . . . 43 178 Treads 1289 | 259 184 237 241 368 . Legs . | . . . . . . Wheels 265 | . . . . 138 127 Hover . | . . . . . . Flight . | . . . . . . Fastest Speed 50 | 50 160 160 160 110 50 Average Speed 161 | 158 160 160 160 205 87 Slowest Speed 800 | 160 160 160 160 800 140 Overloaded Moves . | . . . . . . Propulsion Burnouts . | . . . . . . Robots Hopped . | . . . . . . Potential Cave-ins . | . . . . . . Cave-ins Triggered . | . . . . . . Exploration Rate (%) 24 | 10 36 22 21 13 43 Regions Visited 5 Branch Regions 1 Pre-discovered Areas . | . . . . . . Known Exits Taken 1 | . . . . 1 . Unknown Exits Taken 4 | 1 1 1 1 . . Scrap Searched 1 | . . . . . 1 Spaces Dug . | . . . . . . Terrain Destroyed 1 | . . . . 1 . Melee . | . . . . . . Projectile 1 | . . . . 1 . AOE . | . . . . . . Terrain Rammed . | . . . . . . Walls Destroyed . | . . . . . . Machines Disabled . | . . . . . . Actions | -11 -10 -9 -8 -7 -7 --------- Run | Yrd Mat Mat Mat Fac Low Total 2131 | 291 222 249 337 727 305 Wait 50 | . . 2 24 24 . Move 1773 | 261 183 236 240 548 305 Hop . | . . . . . . Pick Up 40 | 7 4 3 9 17 . Fast Attach 13 | 7 . 1 1 4 . Attach 18 | . 2 1 4 11 . Detach 2 | . . . 1 1 . Swap 14 | . 2 3 7 2 . Drop 26 | 1 1 1 4 19 . Fire 109 | 15 29 2 41 22 . Melee 13 | . . . . 13 . Ram . | . . . . . . Kick . | . . . . . . Crush 11 | . 1 . 6 4 . Escape Stasis . | . . . . . . Rewire 12 | . . . . 12 . Trap . | . . . . . . Miscellaneous 50 | . . . . 50 . Route ------- -11/Scrapyard -10/Materials (discovered 2 exits: *Mat / [*Min]) -9/Materials -8/Materials -7/Factory -7/Lower Caves (discovered 1 exit: Low) History --------- Turn | Location | Event 11 | -11/Scrapyard | Discovered new exit (range 16) 478 | -11/Scrapyard | Entered Materials 479 | -10/Materials | Build established: Mutant 789 | -10/Materials | Destroyed 7 combat bots 789 | -10/Materials | Discovered new exit (range 14) 842 | -10/Materials | Discovered new exit (range 16) 869 | -10/Materials | Entered another Materials area 869 | -9/Materials | Evolved 2 slots: Utility x2 1238 | -9/Materials | Discovered new exit (range 16) 1266 | -9/Materials | Entered another Materials area 1266 | -8/Materials | Evolved 2 slots: Propulsion x2 1502 | -8/Materials | Discovered new exit (range 15) 1834 | -8/Materials | Entered Factory 1834 | -7/Factory | Evolved 2 slots: Utility x1, Weapon x1 2143 | -7/Factory | Build established: Skirmisher 2697 | -7/Factory | Lost 7 parts (4n3w) 2706 | -7/Factory | System corruption reached 10% 3295 | -7/Factory | Discovered new exit (range 9) 3305 | -7/Factory | Identified exit to Lower Caves 3306 | -7/Factory | Entered Lower Caves 3484 | -7/Lower Caves | Released all parts (8) 3490 | -7/Lower Caves | Build established: Mutant 3499 | -7/Lower Caves | Core integrity fell below 50% 3538 | -7/Lower Caves | Core integrity fell below 20% 3546 | -7/Lower Caves | Identified exit to Lower Caves 3564 | -7/Lower Caves | Learned location of 1 exit from Factory 3573 | -7/Lower Caves | Destroyed by H-55 Commando with Gauss Rifle Last Messages --------------- 03484_ Released Huge Storage Unit. 03488_ System corrupted: Component data lost. 03505_ Searching scrap... 03505_ Found Hvy. Particle Cannon. 03505_ Found Hvy. Battle Rifle. 03505_ Found Lrg. Storage Unit. 03505_ Found Arm. Wheel. 03505_ Found 45 Matter. 03506_ Acquired 45 matter. 03520_ System corrupted: Component data lost. 03524_ Acquired 3 matter. 03527_ Acquired 5 matter. 03533_ Acquired 2 matter. 03546_ Acquired derelict log, extracted data. Loading 1 Lower Caves entrance... 03547_ System corrupted: Heat flow error (+244). 03563_ Slug penetrates Wall. 03564_ Acquired derelict log, extracted data. Data stored: Factory exits (x1). 03570_ Penetrated by Slug. Map ----- +----------------------------------------------------+ | ## #??? #????????????? | | # #?# ?????????????? | | # #? ??????????????? | | # #? #??????? ?????? | | # ## #?# #????????? ?????? | | ?# #? #????????? #????? | | ## " #?? #????????? #???? | | # " " ### #?????????? ###?? | | # " " """" # #?????###???# ##? | | # ## """ " " #?###?## ##?## ? | | # ## "" " ### ## ### ?? | | # # " ## #??? | | # ## """"" " ### #??? | | ##?## """" #?? #??? | | ????# """ " ###### ##?? | | ???## " """" ![] ##? | | ???# "" " = ## | | ???# " h ######## | | ???## " % ######## % | | ????## % ### ### | | ?????## ### #?# ####### | | ??????# ### ### ### ##?## # | | ??????# ### l ################ | | ??????# ## #?????????## | | ??????## g ###??????## | | ???????##### g @ #??## # | | ??????????## ##?## # # | | ????????### =% ###### ## ## # | | ???????## # #% ###?## ## ## # | | ???????# ## ## ##?###= # | | ??????# ### #### ###??#]=* ####### | | ??????#####?# #### #????##!!*##?????## | | ????????????# ##### ###?????##* #???????# | | ????????????# ##?# #????????####??????? | | ????????????## ## %#?# ????????????????????## | | ?????????????##### %#?# ?????? ??????????????# | | ?????????????????## ##? # #???????????????# | | ??????????????????# ## #????????????????? | | ??????????????????# #????????????????? | | ??????????????????#### #????????????????? | | ??????????????????????? ### #???????????????? | | ????????????????????????#??????? ???????????????? | | ?????????????????????????????????????????????????? | | ?????????????????????????????????????????????????? | | ?????????????????????????????????????????????????? | | ?????????????????????????????????????????????????? | | ?????????????????????????????????????????????????? | | ?????????????????????????????????????????????????? | | ?????????????????????????????????????????????????? | | ?????????????????????????????????????????????????? | +----------------------------------------------------+ Best States ------------- Heat Dissipation 34 Energy Generation 17 Energy Capacity 300 Matter Stores 300 Matter Capacity 300 Sight Range 16 Robot Scan Range 15 Terrain Scan Range 16 Terrain Scan Density 85 Evasion (%) 50 Recoil Reduction 4 Item Schematics ----------------- None Robot Schematics ------------------ None Fabricated ------------ Nothing Repaired ---------- Nothing Alien Tech Used ----------------- None Achievements -------------- None Challenges ------------ None Game ------ Seed LinearDisintegrationHarness Manual? 0 Play Time 00:17:19 Cumulative 119.5 hours Start 2025.06.02 @ 19:21:10 End 2025.06.02 @ 19:37:08 Sessions 1 Manual Loads 0 Difficulty Rogue Special Mode None Game No. 308 Rogue 308 Adventurer 0 Explorer 0 Win Type - Total 2 Types 2/0/0/0/0/0/0/0/0/0 Lore% 60 Gallery% 52 Achievement% 45 Wizard Run 0 Options --------- Layout 0 ASCII 0 Keyboard 0 Movement Numpad Keybinds 0 Fullscreen 2 Font 18/Terminus Map View 76x50 Zoom Use 0% Tactical HUD 1 Map Filters NONE Filters NONE Steam 1 RUN: c33cf951-1ff4-41b9-8d53-f2d59b772f8d